 Dungeon Crawl Stone Soup version 0.24.0-123-gd5b16e6ec5 (webtiles) character file.

Game seed: 17317227097643842118, levelgen mode: deterministic

74 Peloso the Shield-Bearer (level 4, -1/41 HPs)
             Began as a Minotaur Fighter on Dec 27, 2019.
             Killed from afar by an orc wizard (3 damage)
             ... with a magic dart
             ... on level 3 of the Dungeon.
             The game lasted 00:03:34 (1348 turns).

Peloso the Shield-Bearer (Minotaur Fighter)         Turns: 1348, Time: 00:03:35

Health: -1/41      AC:  8    Str: 18 (21) XL:     4   Next: 9%
Magic:  3/3        EV:  7    Int:  4 (5)  God:
Gold:   128        SH: 10    Dex: 10      Spells: 3/3 levels left

rFire    . . .     SeeInvis .   a - -1 long sword (curse)
rCold    . . .     Gourm    .   c - +1 shield
rNeg     . . .     Faith    .   b - +0 scale mail
rPois    .         Spirit   .   (helmet restricted)
rElec    .         Reflect  .   n - +0 cloak
rCorr    .         Harm     .   (no gloves)
MR       .....                  (no boots)
Stlth    ..........             (no amulet)
HPRegen  0.13/turn              (no ring)
MPRegen  0.08/turn              (no ring)

@: no status effects
A: retaliatory headbutt, horns 2
a: no special abilities


You were on level 3 of the Dungeon.
You were not hungry.

You visited 1 branch of the dungeon, and saw 3 of its levels.

You collected 128 gold pieces.

Inventory:

Hand Weapons
 a - a cursed -1 long sword (weapon)
 q - a +1 long sword
Armour
 b - a +0 scale mail (worn)
 c - a +1 shield (worn)
 n - a +0 cloak (worn)
Wands
 k - a wand of random effects (17)
Scrolls
 e - a scroll of fear
 h - a scroll of blinking {unknown}
 i - 2 scrolls of teleportation
 l - 2 scrolls of fog {unknown}
Potions
 d - a potion of might
 j - 2 potions of agility
 m - a potion of resistance
Comestibles
 f - 4 rations
 g - a chunk of flesh


   Skills:
 + Level 4.3 Fighting
 + Level 3.3 Long Blades
 + Level 4.2 Armour
 + Level 0.6 Dodging
 + Level 4.4 Shields


You had 3 spell levels left.
You didn't know any spells.
Your spell library was empty.

Dungeon Overview and Level Annotations

Branches:
Dungeon (3/15)

Altars:
Ashenzari
Gozag
Hepliaklqana
Okawaru


Innate Abilities, Weirdness & Mutations

You reflexively headbutt those who attack you in melee.
You have a pair of horns on your head.


Message History

Something hits you but does no damage.
You closely miss something.
You hear some strange, mumbled words.
A puff of flame appears from out of thin air!
The puff of flame hits you but does no damage.
You barely miss something.
You hear some strange, mumbled words.
A magic dart appears from out of thin air!
The magic dart hits you.
You closely miss something.
You hear some strange, mumbled words.
A magic dart appears from out of thin air!
The magic dart hits you!
* * * LOW HITPOINT WARNING * * *
Something hits you.
* * * LOW HITPOINT WARNING * * *
Okay, then.
A magic dart appears from out of thin air!
The magic dart hits you.
You die...

#.#........
.(
##.###.###
##.#..#
##...#
##..# #..#
#..#
#..########
#.@........
#.########.
#{# ##
#o###...#
#.......#
###....)#
..#...# .##
... .. .


You could see an orc.

Vanquished Creatures
  An ooze (D:1)
  A worm (D:2)
  A dart slug (D:2)
  A leopard gecko (D:2)
  5 giant cockroaches
  10 goblins
  5 hobgoblins
  8 jackals
  A quokka (D:3)
  7 bats
  3 frilled lizards
  9 kobolds
  4 rats
56 creatures vanquished.

Notes
Turn   | Place    | Note
-------+----------+-------------------------------------------
     0 | D:1      | Peloso the Minotaur Fighter began the quest for the Orb.
     0 | D:1      | Reached XP level 1. HP: 19/19 MP: 0/0
    42 | D:1      | Reached XP level 2. HP: 22/27 MP: 1/1
   228 | D:1      | Reached XP level 3. HP: 21/33 MP: 2/2
   646 | D:2      | Found a shattered altar of Ashenzari.
   786 | D:2      | Found a hazy altar of Hepliaklqana.
   853 | D:2      | Found an opulent altar of Gozag.
  1232 | D:3      | Reached XP level 4. HP: 32/40 MP: 3/3
  1306 | D:3      | Found an iron altar of Okawaru.
  1347 | D:3      | HP: 2/41 [something (3)]
  1348 | D:3      | Killed from afar by an orc wizard

Levels and vault maps discovered:
D:1:      evilmike_arrival_crescent, layout_rooms, minmay_cut_off
D:2:      layout_loops_cross, nicolae_overflow_crystal_walls,
          lemuel_coloured_pillars_altar, lemuel_doored_altar
D:3:      layout_loops_ring, okawaru_ov_weapons_minmay,
          hangedman_decor_clover_reticule, hangedman_decor_slide_cut,
          grunt_ministairs_11

Skill      XL: |  1  2  3 |
---------------+----------+-----
Armour         | 4 |  4.2
Shields        | 4 |  4.4
Fighting       | 4 |  4.3
Long Blades    | 3 |  3.3
Dodging        | |  0.6

Action                   |  1- 3 |  4- 6 || total
-------------------------+-------+-------++-------
Melee: Long sword        |   108 |    42 ||   150
       Headbutt          |    16 |     7 ||    23
  Use: Potion            |     3 |       ||     3
       Scroll            |     7 |       ||     7
  Eat: Chunk             |       |     2 ||     2
Armor: Scale mail        |    63 |    27 ||    90
Dodge: Dodged            |    30 |     9 ||    39
Block: Shield            |    57 |    12 ||    69
       Rpst.: Long sword |     9 |     2 ||    11
